 Dungeon Crawl Stone Soup version 0.21-a0-531-gacddea6 (webtiles) character file.

11 mopl the Conjurer (level 2, -1/20 HPs)
             Began as a Gnoll Wanderer on Dec 12, 2017.
             Slain by a kobold
             ... wielding a +0 short sword
              (4 damage)
             ... on level 1 of the Dungeon.
             The game lasted 00:00:38 (300 turns).

mopl the Conjurer (Gnoll Wanderer)                   Turns: 300, Time: 00:00:39

Health: -1/20      AC:  2    Str: 15    XL:     2   Next: 25%
Magic:  7/7        EV: 11    Int: 14    God:
Gold:   30         SH:  8    Dex: 13    Spells: 10/10 levels left

rFire    . . .     SeeInvis .   k - +0 whip
rCold    . . .     Gourm    .   a - +0 shield
rNeg     . . .     Faith    .   d - +0 robe
rPois    .         Spirit   .   (no helmet)
rElec    .         Reflect  .   (no cloak)
rCorr    .         Harm     .   (no gloves)
MR       .....                  (no boots)
Stlth    +++.......             (no amulet)
HPRegen  0.06/turn              (no ring)
MPRegen  0.10/turn              (no ring)

@: no status effects
A: distributed training, fangs 1, strong nose
a: no special abilities


You were on level 1 of the Dungeon.
You were not hungry.

You visited 1 branch of the dungeon, and saw 1 of its levels.

You collected 30 gold pieces.

Inventory:

Hand Weapons
 f - a +0 dagger
 k - a +0 whip (weapon)
Missiles
 h - 39 stones (quivered)
 i - 24 arrows
Armour
 a - a +0 shield (worn)
 d - a +0 robe (worn)
Scrolls
 j - a scroll of enchant weapon {unknown}
Books
 b - the Catalogue of Creation

   Spells                             Type                      Level
   a - Summon Butterflies             Summoning                    1
   b - Call Canine Familiar           Summoning                    3
 c - Wiaz's Handbook of Enhancements

   Spells                             Type                      Level
   a - Infusion                       Charms                       1
   b - Ozocubu's Armour               Charms/Ice                   3
Comestibles
 g - 2 bread rations
 l - a chunk of flesh


   Skills:
 + Level 0.3 Fighting
 + Level 0.3 Short Blades
 + Level 0.3 Long Blades
 + Level 0.3 Axes
 + Level 0.3 Maces & Flails
 + Level 0.3 Polearms
 + Level 0.3 Staves
 + Level 0.3 Slings
 + Level 0.3 Bows
 + Level 0.3 Crossbows
 + Level 0.3 Throwing
 + Level 0.3 Armour
 + Level 4.4 Dodging
 + Level 4.0 Stealth
 + Level 2.4 Shields
 + Level 0.3 Unarmed Combat
 + Level 4.9 Spellcasting
 + Level 5.3 Conjurations
 + Level 0.2 Hexes
 + Level 0.2 Charms
 + Level 0.2 Summonings
 + Level 0.2 Necromancy
 + Level 0.2 Translocations
 + Level 0.2 Transmutations
 + Level 0.2 Fire Magic
 + Level 0.2 Ice Magic
 + Level 0.2 Air Magic
 + Level 0.2 Earth Magic
 + Level 0.2 Poison Magic
 + Level 0.4 Invocations
 + Level 0.3 Evocations


You had 10 spell levels left.
You didn't know any spells.

Dungeon Overview and Level Annotations

Branches:
Dungeon (1/15)

Altars:


Innate Abilities, Weirdness & Mutations

Your experience applies equally to all skills.
You have very sharp teeth.
Your uncanny sense of smell can sniff out nearby items.


Message History

Things that are here:
a club; a goblin corpse You hit the dart slug but do no damage.
The dart slug is heavily wounded.
The dart slug bites you.
* * * LOW HITPOINT WARNING * * *
You hit the dart slug but do no damage.
The dart slug is heavily wounded.
The dart slug bites you.
* * * LOW HITPOINT WARNING * * *
You hit the dart slug.
The dart slug is almost dead.
You block the dart slug's attack.
You completely miss the dart slug.
The dart slug is almost dead.
You block the dart slug's attack.
You hit the dart slug.
You kill the dart slug!
You closely miss the kobold. The kobold hits you with a short sword.
You die...

######## ...>##.
#.#.........## ... .>.
#.#####.######
...##.####.# #.# #
...........#####.######
.. #..................
....##..###.#####.......
.......g# #.# ########
###$###K# #.# # #@# #.#
#.# #.# #.# #.# #######
#.# #.######...... #.#
#........##### .(#
########## ###


You could see a hobgoblin and a kobold.

Vanquished Creatures
  2 dart slugs (D:1)
  A giant cockroach (D:1)
  A goblin (D:1)
  A bat (D:1)
  2 frilled lizards (D:1)
  A kobold (D:1)
8 creatures vanquished.

Notes
Turn   | Place    | Note
-------+----------+-------------------------------------------
     0 | D:1      | mopl the Gnoll Wanderer began the quest for the Orb.
     0 | D:1      | mopl set off with: a +0 shield, the Catalogue of Creation, Wiaz's Handbook of Enhancements, a +0 robe, a +0 club, a +0 dagger, a bread ration
     0 | D:1      | Reached XP level 1. HP: 13/13 MP: 6/6
   286 | D:1      | Reached XP level 2. HP: 12/19 MP: 7/7
   300 | D:1      | Slain by a kobold

Vault maps used:
D:1:      dpeg_arrival_stone_temple_mockup, minmay_stone_trees_small,
          nrook_uturn

Action                   || total
-------------------------++-------
Melee: Whip              ||    38
       Bite              ||     7
       Club              ||     5
Armor: Robe              ||    10
Dodge: Dodged            ||    25
Block: Shield            ||    17

Table legend:
 A = Spawn XP
 B = Non-spawn XP
 C = Spawn XP percentage of total XP
 D = Spawn monster count
 E = Non-spawn monster count
 F = Spawn count percentage of total count
 G = Total turns spent on level
                    A         B        C        D         E        F      G
               +---------+---------+-------+---------+---------+-------+---------
         Total |       0 |      16 |   0.0 |       0 |       8 |   0.0 |   300
               +---------+---------+-------+---------+---------+-------+---------
           D:1 |       0 |      16 |   0.0 |       0 |       8 |   0.0 |   300
               +---------+---------+-------+---------+---------+-------+---------
